 Dungeon Crawl Stone Soup version 0.27.1-2-g3b301248ec (webtiles) character file.

Game seed: 7695431703633416990

7949 llamasofponies the Carver (level 11, 0/92 HPs)
             Began as a Minotaur Fighter on Sept 25, 2021.
             Was a High Priest of Makhleb.
             Slain by a sun demon (2 damage)
             ... summoned by an obsidian statue
             ... on level 10 of the Dungeon.
             The game lasted 00:16:30 (11730 turns).

llamasofponies the Carver (Minotaur Fighter)       Turns: 11730, Time: 00:16:31

Health: 0/92       AC: 11    Str: 34    XL:     11   Next: 3%
Magic:  13/13      EV: 10    Int:  5    God:    Makhleb [*****.]
Gold:   494        SH: 13    Dex:  9    Spells: 10/10 levels left

rFire    . . .     SeeInvis .   r - +6 rapier "Baniph" {spect, Drain rElec Str+3 Stlth+}
rCold    . . .     Faith    .   c - +1 kite shield
rNeg     . . .     Spirit   .   A - +3 swamp dragon scales
rPois    +         Reflect  .   (helmet restricted)
rElec    +         Harm     .   s - +1 cloak
rCorr    +         Rampage  .   (no gloves)
Will     .....                  (no boots)
Stlth    ++........             (no amulet)
HPRegen  0.25/turn              h - +6 ring of strength
MPRegen  0.13/turn              i - ring of resist corrosion

@: corroded
A: horns 2, retaliatory headbutt
a: Renounce Religion, Minor Destruction, Lesser Servant of Makhleb, Major
Destruction, Greater Servant of Makhleb


You were on level 10 of the Dungeon.
You worshipped Makhleb.
Makhleb was extremely pleased with you.
You visited 1 branch of the dungeon, and saw 10 of its levels.
You also visited: Ossuary.

You collected 494 gold pieces.

Inventory:

Hand Weapons
 a - a +1 long sword
 r - the +6 rapier "Baniph" (weapon) {spect, Drain rElec Str+3 Stlth+}
   (You found it on level 9 of the Dungeon)

   When its wielder attacks, the weapon's spirit leaps out and strikes again.
   The spirit shares a part of any damage it takes with its wielder.
   Str:       It affects your strength (+3).
   rElec:     It insulates you from electricity.
   Drain:     It drains your maximum health when unequipped.
   Stlth:     It makes you more stealthy.
 y - a +0 long sword of flaming
Armour
 c - a +1 kite shield (worn)
 s - a +1 cloak (worn)
 A - +3 swamp dragon scales (worn)
Jewellery
 h - a +6 ring of strength (left hand)
 i - a ring of resist corrosion (right hand)
 n - a ring of protection from cold
Wands
 p - a wand of polymorph (8)
Scrolls
 t - a scroll of identify
 v - 6 scrolls of teleportation
 z - 2 scrolls of amnesia
Potions
 b - a potion of resistance {unknown}
 d - 5 potions of attraction
 e - a potion of might
 f - a potion of heal wounds
 g - 4 potions of lignification
 j - a potion of curing
 k - a potion of experience {unknown}
 l - a potion of haste {unknown}
 m - a potion of flight {unknown}
 o - 2 potions of magic {unknown}
 q - a potion of mutation {unknown}
 u - a potion of brilliance {unknown}
 x - a potion of ambrosia {unknown}


   Skills:
 - Level 7.3 Fighting
 + Level 8.4(10.4) Short Blades
 - Level 10.6(12.0) Long Blades
 - Level 9.3 Armour
 - Level 3.2 Dodging
 - Level 1.4 Stealth
 - Level 8.6 Shields
 - Level 4.1 Invocations


You had 10 spell levels left.
You didn't know any spells.
Your spell library contained the following spells:

 Spells                   Type           Power      Damage    Failure   Level
 Foxfire                  Conj/Fire      0%         2x1d4     85%         1
 Shock                    Conj/Air       0%         1d3       85%         1
 Sublimation of Blood     Necr           0%         N/A       94%         2
 Wereblood                Tmut           0%         N/A       94%         2
 Conjure Flame            Conj/Fire      0%         6-21      99%         3
 Inner Flame              Hex/Fire       0%         N/A       99%         3
 Swiftness                Air            0%         N/A       99%         3
 Tukima's Dance           Hex            0%         N/A       99%         3
 Airstrike                Air            0%         N/A       100%        4
 Passage of Golubria      Tloc           N/A        N/A       100%        4
 Yara's Violent Unravell  Hex/Tmut       0%         3d3       100%        5
 Summon Hydra             Summ           0%         N/A       100%        7


Dungeon Overview and Level Annotations

Branches:
Dungeon (10/15)            Temple (0/1) D:6         Ossuary (visited)
   Lair: D:8-11         Orc: D:9-12

Altars:
Ashenzari
Fedhas
Kikubaaqudgha
Makhleb
Qazlal
Sif Muna
Trog
Wu Jian
Zin

Annotations:
D:3 2 transporters, Icepheonix32's ghost, weakling DsFi
D:10 exclusion: obsidian statue


Innate Abilities, Weirdness & Mutations

You have a pair of horns on your head.
You reflexively headbutt those who attack you in melee.


Message History

You block the crimson imp's attack. The sun demon hits you.
You are engulfed in flames!
* * * LOW HITPOINT WARNING * * *
The chaos spawn gores you but does no damage.
The rust devil barely misses you. You furiously retaliate!
You headbutt the rust devil!
The crimson imp hits you but does no damage.
The obsidian statue's eyes glow briefly.
The sun demon misses you. You furiously retaliate!
You headbutt the sun demon!
You hit the rust devil but do no damage.
Your headbutt misses the rust devil.
The rust devil is moderately wounded.
Your +6 rapier "Baniph" {spect, Drain rElec Str+3 Stlth+} hits the rust devil but does no damage.
The rust devil hits you. The rust devil corrodes you!
You block the chaos spawn's attack.
The crimson imp hits you but does no damage.
The ufetubus hits you but does no damage. x2
You puncture the crimson imp!
The crimson imp is severely wounded.
Your +6 rapier "Baniph" {spect, Drain rElec Str+3 Stlth+} barely misses the crimson imp.
You block the sun demon's attack.
The ufetubus hits you but does no damage. x2
The rust devil hits you.
* * * LOW HITPOINT WARNING * * *
You block the chaos spawn's attack.
The crimson imp hits you but does no damage.
You feel much better.
You break out of your daze.
The white imp disappears in a puff of smoke!
The sun demon hits you!!
* * * LOW HITPOINT WARNING * * *
You are engulfed in flames!
* * * LOW HITPOINT WARNING * * *
You block the ufetubus's attack. x2; You block the rust devil's attack.
The chaos spawn gores you!
* * * LOW HITPOINT WARNING * * *
The chaos spawn shocks you. You resist.
* * * LOW HITPOINT WARNING * * *
The crimson imp blinks!
The sun demon hits you.
You die...

########################
..............$........#
#.....###...............
#.....# #...............
#.....# #...............
#.....# #......34§......
#.....###......§@45§....
................§58.....
........................
########+####...........
5>...........
..............
...............
.......#.......


You could see an obsidian statue, a sun demon (summoned), a rust devil
(summoned), a chaos spawn (summoned), a crimson imp (summoned), a white imp
(summoned) and an ufetubus (summoned).

Vanquished Creatures
  A boulder beetle (D:9)
  Maggie (D:7)
  A wyvern (D:8)
  14 yaks
  A steam dragon (D:9)
  4 water moccasins
  2 orc warriors
  A hornet zombie (D:8)
  2 black bears
  3 ice beasts
  2 necrophages
  An ogre (D:7)
  A centaur (D:5)
  2 phantoms
  2 kobold brigands
  Blork the orc (D:6)
  2 bullfrogs (D:6)
  2 scorpions
  2 wyvern zombies
  5 water moccasin zombies
  12 killer bees
  An electric eel (D:8)
  9 wights
  2 howler monkeys (D:8)
  A bullfrog zombie (D:5)
  A centaur zombie (D:9)
  A centaur skeleton (D:5)
  2 gnoll shamans
  3 orc priests
  2 hounds (D:5)
  2 jellies
  2 bullfrog skeletons (D:5)
  Terence (D:3)
  3 iguanas
  8 orc wizards
  2 killer bee zombies
  A hound skeleton (D:4)
  2 mummies (Ossuary)
  A howler monkey zombie (D:9)
  A howler monkey skeleton (D:7)
  9 gnolls
  8 adders
  A shadow imp (D:6)
  A white imp (D:5)
  An adder skeleton (D:4)
  4 adder zombies (Ossuary)
  4 worms
  2 dart slugs (D:2)
  22 orcs
  8 bats
  6 endoplasms
  2 giant cockroaches
  2 gnoll zombies (Ossuary)
  8 goblins
  12 hobgoblins
  3 quokkas
  6 ball pythons
  A frilled lizard (D:1)
  4 hobgoblin zombies (Ossuary)
  16 kobolds
  4 kobold zombies (Ossuary)
  5 orc zombies (Ossuary)
  4 rats
240 creatures vanquished.

Vanquished Creatures (others)
  4 plants (D:8)
4 creatures vanquished.

Grand Total: 244 creatures vanquished

Notes
Turn   | Place    | Note
-------+----------+-------------------------------------------
     0 | D:1      | llamasofponies the Minotaur Fighter began the quest for the
                  | Orb.
     0 | D:1      | Reached XP level 1. HP: 19/19 MP: 0/0
   168 | D:1      | Reached XP level 2. HP: 27/27 MP: 1/1
   514 | D:1      | Reached skill level 3 in Long Blades
   715 | D:1      | Found a faded altar of an unknown god.
   872 | D:1      | Became a worshipper of Makhleb the Destroyer
   872 | D:1      | Reached * piety under Makhleb
   901 | D:2      | Reached XP level 3. HP: 33/33 MP: 2/2
  2199 | D:3      | Reached XP level 4. HP: 17/40 MP: 3/3
  2663 | D:3      | Found a transporter.
  2673 | D:3      | Found a transporter.
  2679 | D:3      | Noticed Icepheonix32's ghost (weakling DsFi)
  2850 | D:3      | Reached ** piety under Makhleb
  3615 | D:3      | Noticed Terence
  3622 | D:3      | Killed Terence
  3623 | D:3      | Reached XP level 5. HP: 11/47 MP: 4/4
  4218 | D:4      | Reached skill level 4 in Long Blades
  4224 | D:4      | Reached skill level 5 in Armour
  4224 | D:4      | Reached skill level 1 in Dodging
  4224 | D:4      | Reached skill level 5 in Shields
  4226 | D:4      | Reached XP level 6. HP: 31/53 MP: 5/5
  4387 | D:4      | Found a sand-covered staircase.
  4396 | Ossuary  | Entered an ossuary
  4516 | Ossuary  | Reached skill level 5 in Long Blades
  4516 | Ossuary  | Reached XP level 7. HP: 56/60 MP: 6/6
  4566 | Ossuary  | Reached skill level 5 in Fighting
  4679 | D:4      | Reached *** piety under Makhleb
  4884 | D:4      | Found an ancient bone altar of Kikubaaqudgha.
  4983 | D:4      | Found a shimmering blue altar of Sif Muna.
  5102 | D:5      | Entered Level 5 of the Dungeon
  5273 | D:5      | Reached skill level 6 in Long Blades
  5392 | D:5      | Reached XP level 8. HP: 69/69 MP: 7/7
  5435 | D:5      | Reached skill level 7 in Long Blades
  5640 | D:5      | Found a broken altar of Ashenzari.
  5645 | D:5      | Reached skill level 8 in Long Blades
  6121 | D:6      | Noticed Blork the orc
  6125 | D:6      | Killed Blork the orc
  6265 | D:6      | Found a staircase to the Ecumenical Temple.
  6385 | D:6      | Reached skill level 1 in Invocations
  6599 | D:6      | Reached skill level 9 in Long Blades
  6599 | D:6      | Reached XP level 9. HP: 52/75 MP: 7/9
  6793 | D:6      | Found a blossoming altar of Fedhas.
  6793 | D:6      | Found a glowing silver altar of Zin.
  7364 | D:7      | Reached **** piety under Makhleb
  8033 | D:7      | Noticed Maggie
  8063 | D:7      | Killed Maggie
  8954 | D:7      | Found a stormy altar of Qazlal.
  9224 | D:7      | Reached skill level 10 in Long Blades
  9333 | D:8      | Reached skill level 1 in Stealth
  9344 | D:8      | Reached XP level 10. HP: 86/86 MP: 11/11
  9862 | D:8      | Reached ***** piety under Makhleb
 10330 | D:8      | Found a bloodstained altar of Trog.
 10575 | D:9      | Identified the +6 rapier "Baniph" {spect, Drain rElec Str+3
                  | Stlth+}
 10702 | D:9      | Reached skill level 1 in Short Blades
 10997 | D:9      | Noticed a boulder beetle
 11002 | D:9      | Killed a boulder beetle
 11390 | D:10     | Entered Level 10 of the Dungeon
 11396 | D:10     | Found an ornate altar of the Wu Jian Council.
 11662 | D:10     | Reached XP level 11. HP: 81/92 MP: 13/13
 11713 | D:10     | Noticed an obsidian statue
 11716 | D:10     | Noticed a sun demon
 11730 | D:10     | HP: 4/92 [chaos spawn[an obsidian statue] (9)]
 11730 | D:10     | Slain by a sun demon

Illustrated notes

Levels and vault maps discovered:
D:1:      minmay_arrival_five_plusses, layout_loops_ring,
          shapermc_ecumenical_altar_mp_vishouse
D:2:      layout_loops_ring, nicolae_underground_beach
D:3:      layout_basic, gammafunk_ghost_arena, uniq_terence
D:4:      wad_crossroads, layout_rooms, marbit_many_paths, led_sif_pool,
          nicolae_ossuary_entry_ruins, minmay_misc_feat_chi
D:5:      minmay_skewed_foursquare, layout_basic,
          mainiacjoe_overflow_small_starburst
D:6:      layout_loops_cross, amethyst_overflow_temple_binary,
          minmay_temple_entry_junction_2, kennysheep_nondescript,
          solitary_fountain, minmay_misc_feat_more_columns,
          corexii_checkpoint_b, uniq_blork_the_orc
D:7:      layout_loops_corners, lemuel_doored_altar, uniq_maggie
D:8:      layout_cave_pods, lemuel_coloured_pillars_altar, serial_bayou_lagoon_a
D:9:      layout_stronghold, st_stairs_6
D:10:     layout_stronghold, mainiacjoe_overflow_concentric_impassable,
          lemuel_round_altar, lemuel_crystal_altar, erik_lair_orcish_takeover,
          nicolae_zen_rock_garden, chequers_serial_rivers_micro_b, minivault_16

Skill      XL: |  1  2  3  4  5  6  7  8  9 10 |
---------------+-------------------------------+-----
Fighting       | 4 5 6 7 |  7.3
Long Blades    | 3 4 5 6 9 10 | 10.6
Shields        | 4 5 6 7 8 |  8.6
Armour         | 4 5 6 7 9 |  9.3
Dodging        | 1 2 3 |  3.2
Invocations    | 1 3 4 |  4.1
Stealth        | 1 |  1.4
Short Blades   | 8 |  8.4

Action                   |  1- 3 |  4- 6 |  7- 9 | 10-12 || total
-------------------------+-------+-------+-------+-------++-------
Melee: Long sword        |    98 |   108 |   346 |    92 ||   644
       Headbutt          |    20 |    26 |    96 |    56 ||   198
       Rapier            |       |       |       |   105 ||   105
Invok: Minor Destruction |       |       |     1 |       ||     1
  Use: Scroll            |       |     7 |     5 |     3 ||    15
       Potion            |       |     2 |     4 |     1 ||     7
Armor: Scale mail        |    51 |    43 |    20 |       ||   114
       Plate armour      |       |       |   132 |       ||   132
       Swamp dragon scal |       |       |    20 |    52 ||    72
Dodge: Dodged            |    26 |    41 |    86 |    56 ||   209
Block: Kite shield       |    59 |    86 |   202 |   120 ||   467
       Rpst.: Long sword |    11 |    10 |    21 |     3 ||    45
